Map: [ESL] Ancient Cistern

Players

iGMacSed (MacSed)

  • Race: Protoss Protoss
  • League: Grandmaster
  • Spawn Location: 1:00

SCV - Winner!

  • Race: Protoss Protoss
  • Spawn Location: 7:00

Event: ESL SC2 Masters 2023 Summer (Regionals)

VOD

Have the link to the VOD?

Description

Time

  • Played on: May 5, 2023, 7:26 a.m.
  • Length: 8:13

All games in this series

Show
View Real Time Build Order
Export as new Build Order

iGMacSed Protoss 

Build Orders: Dark Templar Rush 

Get SALT Encoding   

  12  0:00  Probe  
  13  0:12  Probe  
  14  0:17  Pylon  
  14  0:24  Probe (Chrono Boost)  
  15  0:36  Probe (Chrono Boost)  
  15  0:38  Gateway  
  16  0:44  Probe (Chrono Boost)  
  16  0:46  Assimilator  
  17  0:51  Probe  
  17  0:54  Assimilator  
  18  1:03  Probe (Chrono Boost)  
  19  1:08  Gateway  
  19  1:13  Probe (Chrono Boost)  
  19  1:17  Probe (Chrono Boost)  
  21  1:25  Cybernetics Core  
  21  1:29  Probe  
  22  1:34  Pylon  
  22  1:41  Probe  
  23  1:53  Probe  
  24  2:01  Sentry  
  24  2:02  Warp Gate, Stalker  
  28  2:09  Pylon  
  28  2:24  Stalker  
  30  2:31  Sentry  
  32  2:39  Nexus  
  32  2:41  Probe  
  33  2:50  Shield Battery  
  33  2:53  Probe  
  33  2:54  Sentry  
  36  3:04  Shield Battery  
  37  3:11  Probe  
  37  3:20  Pylon, Twilight Council  
  37  3:23  Probe  
  38  3:29  Shield Battery  
  38  3:36  Probe  
  39  3:50  Adept x2  
  43  3:57  Dark Shrine  
  43  3:59  Gateway  
  43  4:02  Probe  
  44  4:03  Blink (Chrono Boost)  
  44  4:05  Probe  
  45  4:14  Probe  
  46  4:17  Probe  
  44  4:31  Probe x2  
  46  4:40  Stalker x2  
  46  4:43  Probe x2  
  52  4:52  Forge  
  52  4:55  Probe x2  
  50  5:07  Probe x2  
  50  5:10  Dark Templar  
  54  5:17  Dark Templar  
  54  5:19  Probe x2, Assimilator  
  58  5:23  Pylon  
  58  5:31  Probe x2  
  58  5:33  Stalker  
  60  5:41  Protoss Ground Weapons Level 1 (Chrono Boost)  
  60  5:43  Probe x2  
  62  5:52  Stalker  
  62  5:55  Probe x2  
  66  6:00  Nexus  
  66  6:01  Pylon  
  66  6:07  Probe  
  66  6:09  Stalker  
  69  6:13  Probe  
  70  6:19  Probe  
  70  6:20  Shield Battery  
  70  6:22  Robotics Facility  
  70  6:25  Probe  
  72  6:32  Probe  
  73  6:35  Stalker x2, Shield Battery  
  73  6:37  Probe  
  78  6:44  Shield Battery  
  78  6:49  Probe  
  78  6:51  Stalker  
  75  6:58  Stalker x2  
  75  7:00  Probe  
  67  7:10  Immortal (Chrono Boost)  
  67  7:12  Probe x3  
  70  7:15  Stalker  
  72  7:22  Pylon  
  72  7:23  Adept x2  
  72  7:24  Probe x2  
  72  7:26  Probe  
  79  7:34  Pylon  
  79  7:36  Probe  
  80  7:39  Stalker  
  80  7:45  Stalker x2  
  74  7:52  Probe  
  74  7:55  Probe  
  74  7:56  Probe  
  73  7:59  Gateway  
  73  8:02  Gateway  
  70  8:07  Stalker  
  70  8:08  Stalker x2  
Show
View Real Time Build Order
Export as new Build Order

SCV Protoss - Winner!

Build Orders: Blink Stalkers 

Get SALT Encoding   

  12  0:00  Probe  
  13  0:12  Probe  
  14  0:17  Pylon  
  14  0:24  Probe (Chrono Boost)  
  15  0:36  Probe (Chrono Boost)  
  15  0:37  Gateway  
  16  0:44  Probe (Chrono Boost)  
  16  0:46  Assimilator  
  17  0:51  Probe  
  17  0:55  Assimilator  
  18  1:03  Probe (Chrono Boost)  
  19  1:09  Gateway  
  19  1:15  Probe (Chrono Boost)  
  20  1:23  Probe (Chrono Boost)  
  20  1:24  Cybernetics Core  
  21  1:29  Probe  
  22  1:34  Pylon  
  22  1:41  Probe  
  23  1:53  Probe  
  24  2:01  Warp Gate (Chrono Boost)  
  24  2:03  Adept x2  
  24  2:07  Pylon  
  28  2:29  Nexus  
  28  2:40  Twilight Council  
  28  2:47  Stalker  
  30  2:55  Stalker  
  30  2:58  Probe  
  33  3:10  Probe  
  33  3:11  Blink (Chrono Boost)  
  34  3:13  Pylon  
  34  3:22  Probe  
  35  3:34  Probe  
  35  3:40  Robotics Facility  
  37  3:41  Probe  
  37  3:46  Probe  
  37  3:47  Sentry  
  40  3:52  Stalker  
  40  3:53  Probe  
  43  3:58  Probe  
  44  4:05  Probe  
  45  4:11  Probe, Phoenix  
  45  4:12  Stalker  
  45  4:14  Stalker  
  50  4:17  Probe  
  50  4:23  Probe  
  52  4:29  Probe  
  50  4:31  Observer (Chrono Boost)  
  50  4:35  Probe, Gateway  
  50  4:36  Gateway  
  51  4:41  Assimilator  
  51  4:42  Probe  
  52  4:47  Probe  
  52  4:48  Stalker  
  52  4:49  Stalker  
  57  4:54  Probe  
  57  4:59  Probe  
  59  5:06  Probe  
  60  5:10  Pylon  
  60  5:11  Probe  
  61  5:20  Warp Prism (Chrono Boost)  
  61  5:22  Pylon  
  62  5:32  Stalker x4  
  70  5:40  Probe x2  
  72  5:47  Nexus  
  72  5:52  Observer (Chrono Boost)  
  73  5:58  Pylon  
  73  6:03  Stalker x2  
  77  6:10  Pylon  
  78  6:18  Probe x2  
  78  6:20  Forge  
  78  6:21  Charge  
  79  6:32  Stalker x4  
  87  6:33  Probe x2  
  87  6:39  Pylon  
  89  6:45  Probe  
  90  6:52  Probe  
  87  6:55  Stalker x3  
  87  6:58  Stalker  
  91  7:02  Probe x2  
  91  7:04  Probe  
  88  7:14  Probe  
  90  7:18  Photon Cannon  
  90  7:20  Photon Cannon  
  90  7:22  Stalker x3  
  95  7:27  Stalker  
  97  7:33  Photon Cannon  
  97  7:38  Probe x2  
  91  7:51  Stalker x4  
  102  8:03  Gateway  
  93  8:12  Gateway  
Tags
 
Add a new tag
Caveats
  • Supply blocks, unpowered buildings, or Contaminate may cause inaccurate times.
  • Supply counts are checked every 10 seconds.